 Dungeon Crawl Stone Soup version 0.30-a0-859-gf88a04b62d (webtiles) character file.

Game seed: 1163589935463405555

16 Rocko1345 the Trooper (level 2, 0/29 HPs)
             Began as a Gnoll Wanderer on Mar 6, 2023.
             Slain by a gnoll
             ... wielding a +0 flail
              (8 damage)
             ... on level 2 of the Dungeon.
             The game lasted 00:02:57 (1111 turns).

Rocko1345 the Trooper (Gnoll Wanderer)              Turns: 1111, Time: 00:02:57

Health: 0/29       AC:  3    Str: 14    XL:     2   Next: 58%
Magic:  2/7        EV:  6    Int: 11    God:
Gold:   83         SH:  0    Dex:  8    Spells: 9/10 levels left

rFire   . . .      SeeInvis .    a - +0 dagger
rCold   . . .      Faith    .    (no shield)
rNeg    . . .      Spirit   .    e - +0 leather armour
rPois   .          Reflect  .    (no helmet)
rElec   .          Rampage  .    (no cloak)
rCorr   .                        (no gloves)
Will    .....                    (no boots)
Stlth   +                        (no amulet)
HPRegen 0.24/turn                (no ring)
MPRegen 0.10/turn                (no ring)

@: held
A: fangs 1, strong nose, distributed training
a: no special abilities


You were on level 2 of the Dungeon.
You visited 1 branch of the dungeon, and saw 2 of its levels.

You collected 83 gold pieces.

Inventory:

Hand Weapons
 a - a +0 dagger (weapon)
Missiles
 b - 12 poisoned darts (quivered)
Armour
 e - a +0 leather armour (worn)
Scrolls
 g - a scroll of amnesia {unknown}
 h - a scroll of teleportation {unknown}
 i - a scroll of fog {unknown}
 l - a scroll of identify {unknown}
Potions
 c - a potion of curing
 d - a potion of heal wounds
 f - a potion of lignification {unknown}
 j - a potion of haste {unknown}
 k - a potion of attraction {unknown}


   Skills:
 + Level 6.5 Fighting
 + Level 0.5 Short Blades
 + Level 0.5 Long Blades
 + Level 0.5 Axes
 + Level 0.5 Maces & Flails
 + Level 0.5 Polearms
 + Level 0.5 Staves
 + Level 0.5 Ranged Weapons
 + Level 4.5 Throwing
 + Level 0.5 Armour
 + Level 0.5 Dodging
 + Level 0.5 Stealth
 + Level 0.5 Shields
 + Level 0.5 Unarmed Combat
 + Level 4.9 Spellcasting
 + Level 0.3 Conjurations
 + Level 0.3 Hexes
 + Level 0.3 Summonings
 + Level 0.3 Necromancy
 + Level 0.3 Translocations
 + Level 0.3 Transmutations
 + Level 0.3 Fire Magic
 + Level 0.3 Ice Magic
 + Level 0.3 Air Magic
 + Level 3.7 Earth Magic
 + Level 0.3 Poison Magic
 + Level 2.5 Invocations
 + Level 0.5 Evocations


You had 9 spell levels left.
You knew the following spells:

 Your Spells              Type           Power      Damage    Failure   Level
a - Sandblast             Erth           20%        2d7       6%          1

Your spell library contained the following spells:

 Spells                   Type           Power      Damage    Failure   Level
 Passwall                 Tmut/Erth      5%         N/A       19%         2
 Shock                    Conj/Air       12%        1d3       24%         1
 Kindle Blastsparks       Fire/Tloc/Air  6%         2d10      56%         3
 Swiftness                Air            3%         N/A       56%         3
 Animate Armour           Summ/Erth      14%        N/A       75%         4
 Freezing Cloud           Conj/Ice/Air   1%         6-21      100%        5


Dungeon Overview and Level Annotations

Branches:
Dungeon (2/15)

Altars:


Innate Abilities, Weirdness & Mutations

You have very sharp teeth.
Your uncanny sense of smell can sniff out nearby items.
Your experience applies equally to all skills.


Message History

The blast of sand hits the gnoll.
The gnoll is heavily wounded.
The gnoll closely misses you.
Casting: Sandblast (safe; 6% risk of failure)
Confirm with . or Enter, or press ? or * to list all spells.
Aiming: Sandblast (safe; 6% risk of failure)
Press: ? - help, Shift-Dir - straight line, f/p - gnoll
Aim: a gnoll, wielding a +0 halberd and quivering boomerangs (heavily wounded, 84% to hit)
The blast of sand hits the gnoll.
The gnoll is severely wounded.
The gnoll shouts!
The gnoll barely misses you. The gnoll misses you.
Casting: Sandblast (safe; 6% risk of failure)
Confirm with . or Enter, or press ? or * to list all spells.
Aiming: Sandblast (safe; 6% risk of failure)
Press: ? - help, Shift-Dir - straight line, f/p - gnoll
Aim: a gnoll, wielding a +0 halberd and quivering boomerangs (severely wounded, 84% to hit)
The blast of sand misses the gnoll.
A gnoll comes into view. It is wielding a +0 whip.
The gnoll hits you from afar with a +0 halberd.
Casting: Sandblast (safe; 6% risk of failure)
Confirm with . or Enter, or press ? or * to list all spells.
Aiming: Sandblast (safe; 6% risk of failure)
Press: ? - help, Shift-Dir - straight line, f/p - gnoll
Aim: a gnoll, wielding a +0 halberd and quivering boomerangs (severely wounded, 84% to hit)
The blast of sand hits the gnoll.
The gnoll is almost dead.
The gnoll shouts!
The gnoll throws a boomerang.
The boomerang barely misses you.
The gnoll throws a throwing net.
The throwing net hits you.
You become entangled in the net!
The gnoll throws a boomerang.
The boomerang hits you.
You struggle against the net.
The gnoll hits you from afar with a +0 halberd!
You struggle against the net.
The gnoll throws a boomerang.
The boomerang hits you.
* * * LOW HITPOINT WARNING * * *
You struggle against the net.
The gnoll hits you but does no damage.
You struggle against the net.
The gnoll hits you with a +0 flail!
You die...

∆ # . #. ##. .#(# #..
.....##.# #.
#.#.#..#######.##
#............#..##
###....>..g@..##..###
.......†....g.##....#
.##.#.......gg##....#
#....#######.##....#
#.#.. #.##<...# # #.
#.##....# ..
#....#### .. ∆
##.....# ...
..#####...####


You could see 4 gnolls.

Vanquished Creatures
  A worm (D:2)
  An orc (D:2)
  A goblin (D:1)
  3 hobgoblins
  3 ball pythons
  A bat (D:1)
  A frilled lizard (D:1)
  A kobold (D:1)
  A rat (D:1)
13 creatures vanquished.

Notes
Turn   | Place    | Note
-------+----------+-------------------------------------------
     0 | D:1      | Rocko1345 the Gnoll Wanderer began the quest for the Orb.
     0 | D:1      | Rocko1345 set off with the following items: a +0 dagger, 12
                  | poisoned darts, a potion of curing, a potion of heal
                  | wounds, a +0 leather armour; and the following spell
                  | memorised: Sandblast; and the following spells available to
                  | memorise: Passwall, Animate Armour.
     0 | D:1      | Reached XP level 1. HP: 23/23 MP: 6/6
   690 | D:1      | Got Afun's Compilation of Fog
   955 | D:2      | Reached XP level 2. HP: 29/29 MP: 5/7
  1111 | D:2      | Slain by a gnoll

Illustrated notes

Levels and vault maps discovered:
D:1:      tekkud_arrival_beachfront_property, layout_basic
D:2:      layout_rooms

Action                     || total
---------------------------++-------
  Melee: Dagger            ||     7
         Bite              ||     1
   Cast: Sandblast         ||    23
 Armour: Leather armour    ||     4
  Dodge: Dodged            ||    12

Table legend: (Time is in decaauts)
 A = Elapsed time spent in this place.
 B = Non-inter-level travel time spent in this place.
 C = Inter-level travel time spent in this place.
 D = Time resting spent in this place.
 E = Time spent auto-exploring this place.
 F = Levels seen in this place.
 G = Mean time per level.
                   A        B        C        D        E       F      G
               +--------+--------+--------+--------+--------+-----+--------+
         Total |   1124 |   1071 |     53 |     68 |    771 |   2 |  562.0 |
       Dungeon |   1124 |   1071 |     53 |     68 |    771 |   2 |  562.0 |
               +--------+--------+--------+--------+--------+-----+--------+

Top non-repeatable levels by time:
     D:1: 999 daAuts
     D:2: 125 daAuts
